Workbook

Sheet tar-0751284-standard-nonreg-fr-
A1: Date edition : 02/06/2025 | H1: 0.999999
A3: Ref. Tarif : | C3: 0751284 LABORATOIRE PHYKIDIS - MESSAGERIE
A4: Tarif HT au depart de : | C4: VOSQUAIS
A5: Agence de rattachement : | C5: RENNES
A6: Devise : | C6: EURO (EUR)
A7: Unite de taxe : | C7: Kilo (KG)
A8: Periode d'application : | C8: du 01/02/2025 au 30/11/2025
A9: Métier : | C9: MessagerieProduit : | E9: Standard
A10: Taux FIX (si secteur desservi) : | C10: 0.3
A11: Taux FIRST (si secteur desservi) : | C11: 0.5
A12: Pays : | C12: France, Monaco
A16: (*): F: Prix forfaitaire - A (Arrondi) - D (Prix au detail ramene au diviseur)
A17: Tarif | F17: de | G17: 1 | H17: 30 | I17: 40 | J17: 50 | K17: 60 | L17: 70 | M17: 80 | N17: 90 | O17: 101 | P17: 300 | Q17: 500 | R17: 700 | S17: 1000
F18: a | G18: 29 | H18: 39 | I18: 49 | J18: 59 | K18: 69 | L18: 79 | M18: 89 | N18: 100 | O18: 299 | P18: 499 | Q18: 699 | R18: 999 | S18: 1500
A19: Pays | B19: Dpt | C19: Destination | D19: Difficulte | E19: Poids reel | F19: (*) | G19: F | H19: F | I19: F | J19: F | K19: F | L19: F | M19: F | N19: F | O19: A/10 - D/100 | P19: A/10 - D/100 | Q19: A/10 - D/100 | R19: A/10 - D/100 | S19: A/10 - D/100
A20: FR | B20: 1 | C20: Ain | E20: Oui | G20: 34.46 | H20: 38.74 | I20: 40.26 | J20: 41.82 | K20: 46.24 | L20: 47.9 | M20: 49.53 | N20: 51.19 | O20: 42.55 | P20: 27.59 | Q20: 22.89 | R20: 20.07 | S20: 18.5
A21: FR | B21: 1 | C21: Ain | D21: Montagne | E21: Oui | G21: 43.08 | H21: 48.41 | I21: 50.34 | J21: 52.28 | K21: 57.79 | L21: 59.86 | M21: 61.91 | N21: 63.99 | O21: 53.19 | P21: 34.5 | Q21: 28.62 | R21: 25.08 | S21: 23.14
A22: FR | B22: 2 | C22: Aisne | E22: Oui | G22: 28.66 | H22: 32.19 | I22: 33.51 | J22: 34.79 | K22: 37.94 | L22: 39.3 | M22: 40.65 | N22: 42.01 | O22: 34.92 | P22: 22.64 | Q22: 18.78 | R22: 16.48 | S22: 15.18
A23: FR | B23: 3 | C23: Allier | E23: Oui | G23: 31.06 | H23: 34.91 | I23: 36.3 | J23: 37.7 | K23: 41.32 | L23: 42.78 | M23: 44.26 | N23: 45.74 | O23: 38.02 | P23: 24.65 | Q23: 20.45 | R23: 17.92 | S23: 16.54
A24: FR | B24: 4 | C24: Alpes-de-Haute-Provence | E24: Oui | G24: 49.1 | H24: 55.15 | I24: 57.38 | J24: 59.58 | K24: 66.56 | L24: 68.94 | M24: 71.3 | N24: 73.7 | O24: 61.26 | P24: 39.72 | Q24: 32.96 | R24: 28.88 | S24: 26.64
A25: FR | B25: 4 | C25: Alpes-de-Haute-Provence | D25: Haute montagne | E25: Oui | G25: 61.36 | H25: 68.95 | I25: 71.7 | J25: 74.46 | K25: 83.2 | L25: 86.17 | M25: 89.15 | N25: 92.12 | O25: 76.58 | P25: 49.67 | Q25: 41.2 | R25: 36.12 | S25: 33.29
A26: FR | B26: 5 | C26: Hautes-Alpes | E26: Oui | G26: 45 | H26: 50.57 | I26: 52.59 | J26: 54.62 | K26: 60.72 | L26: 62.88 | M26: 65.06 | N26: 67.22 | O26: 55.87 | P26: 36.23 | Q26: 30.06 | R26: 26.35 | S26: 24.28
A27: FR | B27: 5 | C27: Hautes-Alpes | D27: Haute montagne | E27: Oui | G27: 56.28 | H27: 63.21 | I27: 65.75 | J27: 68.26 | K27: 75.9 | L27: 78.6 | M27: 81.3 | N27: 84.02 | O27: 69.86 | P27: 45.3 | Q27: 37.58 | R27: 32.94 | S27: 30.37
A28: FR | B28: 6 | C28: Alpes-Maritimes | E28: Oui | G28: 44.9 | H28: 50.45 | I28: 52.46 | J28: 54.48 | K28: 61.24 | L28: 63.42 | M28: 65.62 | N28: 67.8 | O28: 56.38 | P28: 36.55 | Q28: 30.32 | R28: 26.59 | S28: 24.5
A29: FR | B29: 6 | C29: Alpes-Maritimes | D29: Haute montagne | E29: Oui | G29: 56.1 | H29: 63.06 | I29: 65.58 | J29: 68.1 | K29: 76.56 | L29: 79.28 | M29: 82.02 | N29: 84.77 | O29: 70.44 | P29: 45.7 | Q29: 37.9 | R29: 33.22 | S29: 30.63
A30: FR | B30: 7 | C30: Ardeche | E30: Oui | G30: 37.66 | H30: 42.32 | I30: 44.03 | J30: 45.72 | K30: 50.81 | L30: 52.64 | M30: 54.45 | N30: 56.28 | O30: 46.77 | P30: 30.32 | Q30: 25.17 | R30: 22.05 | S30: 20.33
A31: FR | B31: 8 | C31: Ardennes | E31: Oui | G31: 30.58 | H31: 34.37 | I31: 35.74 | J31: 37.1 | K31: 40.69 | L31: 42.15 | M31: 43.59 | N31: 45.04 | O31: 37.45 | P31: 24.28 | Q31: 20.15 | R31: 17.67 | S31: 16.28
A32: FR | B32: 9 | C32: Ariege | E32: Oui | G32: 42.59 | H32: 47.85 | I32: 49.77 | J32: 51.68 | K32: 57.26 | L32: 59.32 | M32: 61.36 | N32: 63.4 | O32: 52.7 | P32: 34.17 | Q32: 28.35 | R32: 24.86 | S32: 22.9
A33: FR | B33: 9 | C33: Ariege | D33: Haute montagne | E33: Oui | G33: 53.23 | H33: 59.82 | I33: 62.21 | J33: 64.61 | K33: 71.58 | L33: 74.15 | M33: 76.72 | N33: 79.25 | O33: 65.87 | P33: 42.73 | Q33: 35.46 | R33: 31.07 | S33: 28.64
A34: FR | B34: 10 | C34: Aube | E34: Oui | G34: 29.38 | H34: 33 | I34: 34.34 | J34: 35.66 | K34: 38.85 | L34: 40.23 | M34: 41.62 | N34: 43.01 | O34: 35.76 | P34: 23.17 | Q34: 19.23 | R34: 16.86 | S34: 15.54
A35: FR | B35: 11 | C35: Aude | E35: Oui | G35: 35.93 | H35: 40.35 | I35: 41.98 | J35: 43.59 | K35: 48.41 | L35: 50.12 | M35: 51.87 | N35: 53.61 | O35: 44.56 | P35: 28.88 | Q35: 23.97 | R35: 21.01 | S35: 19.36
A36: FR | B36: 12 | C36: Aveyron | E36: Oui | G36: 37.4 | H36: 42.02 | I36: 43.7 | J36: 45.39 | K36: 50.39 | L36: 52.19 | M36: 53.98 | N36: 55.78 | O36: 46.37 | P36: 30.06 | Q36: 24.94 | R36: 21.88 | S36: 20.17
A37: FR | B37: 13 | C37: Bouches-du-Rhone | E37: Oui | G37: 39.96 | H37: 44.9 | I37: 46.69 | J37: 48.5 | K37: 54.17 | L37: 56.1 | M37: 58.06 | N37: 59.98 | O37: 49.86 | P37: 32.34 | Q37: 26.82 | R37: 23.51 | S37: 21.67
A38: FR | B38: 14 | C38: Calvados | E38: Oui | G38: 22.5 | H38: 25.27 | I38: 26.3 | J38: 27.3 | K38: 29.08 | L38: 30.1 | M38: 31.14 | N38: 32.18 | O38: 26.75 | P38: 17.34 | Q38: 14.39 | R38: 12.61 | S38: 11.63
A39: FR | B39: 15 | C39: Cantal | E39: Oui | G39: 31.97 | H39: 35.89 | I39: 37.33 | J39: 38.75 | K39: 42.51 | L39: 44 | M39: 45.54 | N39: 47.06 | O39: 39.13 | P39: 25.37 | Q39: 21.05 | R39: 18.45 | S39: 17.01
A40: FR | B40: 16 | C40: Charente | E40: Oui | G40: 26.13 | H40: 29.35 | I40: 30.53 | J40: 31.69 | K40: 34.3 | L40: 35.53 | M40: 36.74 | N40: 37.98 | O40: 31.58 | P40: 20.48 | Q40: 16.98 | R40: 14.88 | S40: 13.72
A41: FR | B41: 17 | C41: Charente-Maritime | E41: Oui | G41: 25.05 | H41: 28.14 | I41: 29.25 | J41: 30.38 | K41: 32.85 | L41: 34.02 | M41: 35.19 | N41: 36.37 | O41: 30.22 | P41: 19.59 | Q41: 16.26 | R41: 14.25 | S41: 13.14
A42: FR | B42: 17 | C42: Charente-Maritime | D42: Ile | E42: Oui | G42: 31.3 | H42: 35.18 | I42: 36.57 | J42: 37.97 | K42: 41.06 | L42: 42.52 | M42: 44 | N42: 45.45 | O42: 37.79 | P42: 24.49 | Q42: 20.33 | R42: 17.82 | S42: 16.42
A43: FR | B43: 18 | C43: Cher | E43: Oui | G43: 27.38 | H43: 30.78 | I43: 32 | J43: 33.22 | K43: 36.06 | L43: 37.34 | M43: 38.65 | N43: 39.92 | O43: 33.18 | P43: 21.51 | Q43: 17.86 | R43: 15.65 | S43: 14.43
A44: FR | B44: 19 | C44: Correze | E44: Oui | G44: 36.05 | H44: 40.51 | I44: 42.11 | J44: 43.73 | K44: 47.97 | L44: 49.69 | M44: 51.39 | N44: 53.12 | O44: 44.15 | P44: 28.62 | Q44: 23.75 | R44: 20.81 | S44: 19.2
A45: FR | B45: 20 | C45: Corse | E45: Oui | G45: 82.32 | H45: 92.5 | I45: 96.18 | J45: 99.89 | K45: 111.63 | L45: 115.61 | M45: 119.59 | N45: 123.58 | O45: 102.73 | P45: 66.62 | Q45: 55.26 | R45: 48.45 | S45: 44.67
A46: FR | B46: 21 | C46: Cote-d'Or | E46: Oui | G46: 31.74 | H46: 35.66 | I46: 37.1 | J46: 38.53 | K46: 42.33 | L46: 43.86 | M46: 45.38 | N46: 46.88 | O46: 38.98 | P46: 25.28 | Q46: 20.98 | R46: 18.39 | S46: 16.95
A47: FR | B47: 22 | C47: Cotes d'Armor | E47: Oui | G47: 20.57 | H47: 23.1 | I47: 24.05 | J47: 24.96 | K47: 26.32 | L47: 27.24 | M47: 28.19 | N47: 29.14 | O47: 24.21 | P47: 15.7 | Q47: 13.02 | R47: 11.41 | S47: 10.53
A48: FR | B48: 22 | C48: Cotes d'Armor | D48: Ile | E48: Oui | G48: 25.71 | H48: 28.9 | I48: 30.03 | J48: 31.19 | K48: 32.89 | L48: 34.06 | M48: 35.24 | N48: 36.39 | O48: 30.26 | P48: 19.62 | Q48: 16.28 | R48: 14.27 | S48: 13.15
A49: FR | B49: 23 | C49: Creuse | E49: Oui | G49: 30.11 | H49: 33.83 | I49: 35.18 | J49: 36.51 | K49: 39.78 | L49: 41.19 | M49: 42.62 | N49: 44.06 | O49: 36.62 | P49: 23.74 | Q49: 19.71 | R49: 17.26 | S49: 15.92
A50: FR | B50: 24 | C50: Dordogne | E50: Oui | G50: 31.66 | H50: 35.57 | I50: 36.99 | J50: 38.42 | K50: 42.1 | L50: 43.59 | M50: 45.1 | N50: 46.62 | O50: 38.75 | P50: 25.13 | Q50: 20.85 | R50: 18.26 | S50: 16.85
A51: FR | B51: 25 | C51: Doubs | E51: Oui | G51: 32.86 | H51: 36.93 | I51: 38.42 | J51: 39.9 | K51: 44.05 | L51: 45.62 | M51: 47.2 | N51: 48.78 | O51: 40.54 | P51: 26.29 | Q51: 21.81 | R51: 19.12 | S51: 17.63
A52: FR | B52: 26 | C52: Drome | E52: Oui | G52: 36.55 | H52: 41.06 | I52: 42.71 | J52: 44.36 | K52: 49.3 | L52: 51.07 | M52: 52.84 | N52: 54.58 | O52: 45.38 | P52: 29.43 | Q52: 24.41 | R52: 21.39 | S52: 19.73
A53: FR | B53: 27 | C53: Eure | E53: Oui | G53: 25.59 | H53: 28.75 | I53: 29.9 | J53: 31.02 | K53: 33.4 | L53: 34.6 | M53: 35.79 | N53: 36.99 | O53: 30.75 | P53: 19.94 | Q53: 16.54 | R53: 14.5 | S53: 13.36
A54: FR | B54: 28 | C54: Eure-et-Loir | E54: Oui | G54: 25.18 | H54: 28.27 | I54: 29.42 | J54: 30.55 | K54: 32.85 | L54: 34.02 | M54: 35.19 | N54: 36.38 | O54: 30.23 | P54: 19.61 | Q54: 16.26 | R54: 14.25 | S54: 13.14
A55: FR | B55: 29 | C55: Finistere | E55: Oui | G55: 22.91 | H55: 25.75 | I55: 26.78 | J55: 27.82 | K55: 29.74 | L55: 30.81 | M55: 31.85 | N55: 32.9 | O55: 27.36 | P55: 17.74 | Q55: 14.72 | R55: 12.89 | S55: 11.9
A56: FR | B56: 29 | C56: Finistere | D56: Ile | E56: Oui | G56: 28.65 | H56: 32.17 | I56: 33.49 | J56: 34.77 | K56: 37.14 | L56: 38.48 | M56: 39.82 | N56: 41.14 | O56: 34.18 | P56: 22.18 | Q56: 18.4 | R56: 16.12 | S56: 14.88
A57: FR | B57: 30 | C57: Gard | E57: Oui | G57: 40.1 | H57: 45.04 | I57: 46.86 | J57: 48.65 | K57: 54.29 | L57: 56.22 | M57: 58.17 | N57: 60.09 | O57: 49.96 | P57: 32.4 | Q57: 26.87 | R57: 23.56 | S57: 21.71
A58: FR | B58: 31 | C58: Haute-Garonne | E58: Oui | G58: 33.01 | H58: 37.09 | I58: 38.58 | J58: 40.06 | K58: 44.26 | L58: 45.83 | M58: 47.4 | N58: 48.98 | O58: 40.72 | P58: 26.4 | Q58: 21.9 | R58: 19.22 | S58: 17.7
A59: FR | B59: 32 | C59: Gers | E59: Oui | G59: 33.22 | H59: 37.34 | I59: 38.82 | J59: 40.33 | K59: 44.4 | L59: 45.99 | M59: 47.57 | N59: 49.17 | O59: 40.87 | P59: 26.5 | Q59: 21.98 | R59: 19.28 | S59: 17.77
A60: FR | B60: 33 | C60: Gironde | E60: Oui | G60: 29.26 | H60: 32.87 | I60: 34.18 | J60: 35.5 | K60: 38.78 | L60: 40.17 | M60: 41.55 | N60: 42.95 | O60: 35.68 | P60: 23.14 | Q60: 19.2 | R60: 16.83 | S60: 15.51
A61: FR | B61: 34 | C61: Herault | E61: Oui | G61: 38.26 | H61: 42.99 | I61: 44.7 | J61: 46.43 | K61: 51.75 | L61: 53.62 | M61: 55.46 | N61: 57.3 | O61: 47.62 | P61: 30.88 | Q61: 25.62 | R61: 22.47 | S61: 20.71
A62: FR | B62: 35 | C62: Ille-et-Vilaine | E62: Oui | G62: 17.3 | H62: 19.42 | I62: 20.21 | J62: 20.98 | K62: 21.77 | L62: 22.54 | M62: 23.33 | N62: 24.1 | O62: 20.05 | P62: 12.99 | Q62: 10.78 | R62: 9.46 | S62: 8.71
A63: FR | B63: 36 | C63: Indre | E63: Oui | G63: 28.3 | H63: 31.78 | I63: 33.06 | J63: 34.34 | K63: 37.3 | L63: 38.63 | M63: 39.96 | N63: 41.31 | O63: 34.34 | P63: 22.27 | Q63: 18.47 | R63: 16.2 | S63: 14.92
A64: FR | B64: 37 | C64: Indre-et-Loire | E64: Oui | G64: 22.29 | H64: 25.06 | I64: 26.07 | J64: 27.07 | K64: 28.94 | L64: 29.97 | M64: 31.01 | N64: 32.04 | O64: 26.63 | P64: 17.27 | Q64: 14.32 | R64: 12.56 | S64: 11.57
A65: FR | B65: 38 | C65: Isere | E65: Oui | G65: 35.81 | H65: 40.23 | I65: 41.84 | J65: 43.46 | K65: 48.26 | L65: 50 | M65: 51.7 | N65: 53.43 | O65: 44.41 | P65: 28.81 | Q65: 23.89 | R65: 20.95 | S65: 19.31
A66: FR | B66: 38 | C66: Isere | D66: Haute montagne | E66: Oui | G66: 44.78 | H66: 50.3 | I66: 52.31 | J66: 54.34 | K66: 60.34 | L66: 62.5 | M66: 64.63 | N66: 66.79 | O66: 55.52 | P66: 36 | Q66: 29.86 | R66: 26.19 | S66: 24.14
A67: FR | B67: 39 | C67: Jura | E67: Oui | G67: 34.51 | H67: 38.78 | I67: 40.33 | J67: 41.89 | K67: 46.25 | L67: 47.9 | M67: 49.56 | N67: 51.21 | O67: 42.57 | P67: 27.59 | Q67: 22.9 | R67: 20.07 | S67: 18.51
A68: FR | B68: 40 | C68: Landes | E68: Oui | G68: 32.38 | H68: 36.38 | I68: 37.83 | J68: 39.29 | K68: 43.25 | L68: 44.78 | M68: 46.34 | N68: 47.86 | O68: 39.8 | P68: 25.81 | Q68: 21.41 | R68: 18.76 | S68: 17.29
A69: FR | B69: 41 | C69: Loir-et-Cher | E69: Oui | G69: 23.58 | H69: 26.49 | I69: 27.54 | J69: 28.61 | K69: 30.65 | L69: 31.75 | M69: 32.86 | N69: 33.94 | O69: 28.22 | P69: 18.28 | Q69: 15.18 | R69: 13.31 | S69: 12.27
A70: FR | B70: 42 | C70: Loire | E70: Oui | G70: 32.98 | H70: 37.05 | I70: 38.53 | J70: 40 | K70: 44.18 | L70: 45.77 | M70: 47.36 | N70: 48.92 | O70: 40.66 | P70: 26.36 | Q70: 21.88 | R70: 19.18 | S70: 17.69
A71: FR | B71: 43 | C71: Haute-Loire | E71: Oui | G71: 34.5 | H71: 38.76 | I71: 40.32 | J71: 41.86 | K71: 46.18 | L71: 47.82 | M71: 49.46 | N71: 51.13 | O71: 42.5 | P71: 27.56 | Q71: 22.86 | R71: 20.05 | S71: 18.47
A72: FR | B72: 44 | C72: Loire-Atlantique | E72: Oui | G72: 20.14 | H72: 22.64 | I72: 23.54 | J72: 24.44 | K72: 25.85 | L72: 26.77 | M72: 27.7 | N72: 28.61 | O72: 23.77 | P72: 15.43 | Q72: 12.79 | R72: 11.21 | S72: 10.33
A73: FR | B73: 45 | C73: Loiret | E73: Oui | G73: 24.18 | H73: 27.14 | I73: 28.23 | J73: 29.34 | K73: 31.53 | L73: 32.66 | M73: 33.78 | N73: 34.89 | O73: 29.02 | P73: 18.82 | Q73: 15.6 | R73: 13.69 | S73: 12.61
A74: FR | B74: 46 | C74: Lot | E74: Oui | G74: 39.41 | H74: 44.27 | I74: 46.01 | J74: 47.81 | K74: 52.94 | L74: 54.82 | M74: 56.71 | N74: 58.59 | O74: 48.73 | P74: 31.58 | Q74: 26.21 | R74: 22.97 | S74: 21.18
A75: FR | B75: 47 | C75: Lot-et-Garonne | E75: Oui | G75: 30.77 | H75: 34.58 | I75: 35.98 | J75: 37.35 | K75: 41.05 | L75: 42.52 | M75: 43.98 | N75: 45.45 | O75: 37.79 | P75: 24.49 | Q75: 20.32 | R75: 17.82 | S75: 16.42
A76: FR | B76: 48 | C76: Lozere | E76: Oui | G76: 38.12 | H76: 42.83 | I76: 44.54 | J76: 46.27 | K76: 51.38 | L76: 53.2 | M76: 55.03 | N76: 56.87 | O76: 47.26 | P76: 30.64 | Q76: 25.42 | R76: 22.3 | S76: 20.56
A77: FR | B77: 49 | C77: Maine-et-Loire | E77: Oui | G77: 21.53 | H77: 24.2 | I77: 25.16 | J77: 26.14 | K77: 27.74 | L77: 28.73 | M77: 29.74 | N77: 30.73 | O77: 25.53 | P77: 16.56 | Q77: 13.73 | R77: 12.04 | S77: 11.1
A78: FR | B78: 50 | C78: Manche | E78: Oui | G78: 21.34 | H78: 23.98 | I78: 24.94 | J78: 25.9 | K78: 27.46 | L78: 28.45 | M78: 29.42 | N78: 30.41 | O78: 25.28 | P78: 16.38 | Q78: 13.59 | R78: 11.91 | S78: 10.99
A79: FR | B79: 50 | C79: Manche | D79: Ile | E79: Oui | G79: 26.68 | H79: 29.98 | I79: 31.18 | J79: 32.38 | K79: 34.33 | L79: 35.56 | M79: 36.78 | N79: 38.02 | O79: 31.6 | P79: 20.49 | Q79: 17 | R79: 14.9 | S79: 13.73
A80: FR | B80: 51 | C80: Marne | E80: Oui | G80: 28.58 | H80: 32.12 | I80: 33.39 | J80: 34.7 | K80: 37.83 | L80: 39.18 | M80: 40.55 | N80: 41.87 | O80: 34.81 | P80: 22.58 | Q80: 18.73 | R80: 16.42 | S80: 15.13
A81: FR | B81: 52 | C81: Haute-Marne | E81: Oui | G81: 33.62 | H81: 37.78 | I81: 39.29 | J81: 40.79 | K81: 44.92 | L81: 46.5 | M81: 48.12 | N81: 49.71 | O81: 41.31 | P81: 26.8 | Q81: 22.23 | R81: 19.48 | S81: 17.96
A82: FR | B82: 53 | C82: Mayenne | E82: Oui | G82: 18.24 | H82: 20.49 | I82: 21.3 | J82: 22.14 | K82: 22.97 | L82: 23.8 | M82: 24.61 | N82: 25.42 | O82: 21.13 | P82: 13.71 | Q82: 11.38 | R82: 9.98 | S82: 9.19
A83: FR | B83: 54 | C83: Meurthe-et-Moselle | E83: Oui | G83: 32.68 | H83: 36.71 | I83: 38.19 | J83: 39.65 | K83: 43.68 | L83: 45.24 | M83: 46.81 | N83: 48.36 | O83: 40.22 | P83: 26.06 | Q83: 21.62 | R83: 18.96 | S83: 17.48
A84: FR | B84: 55 | C84: Meuse | E84: Oui | G84: 33.82 | H84: 38.02 | I84: 39.51 | J84: 41.05 | K84: 45.19 | L84: 46.81 | M84: 48.4 | N84: 50.02 | O84: 41.59 | P84: 26.97 | Q84: 22.37 | R84: 19.62 | S84: 18.08
A85: FR | B85: 56 | C85: Morbihan | E85: Oui | G85: 21.58 | H85: 24.26 | I85: 25.22 | J85: 26.19 | K85: 27.71 | L85: 28.69 | M85: 29.67 | N85: 30.66 | O85: 25.51 | P85: 16.52 | Q85: 13.71 | R85: 12.01 | S85: 11.1
A86: FR | B86: 56 | C86: Morbihan | D86: Ile | E86: Oui | G86: 26.98 | H86: 30.31 | I86: 31.54 | J86: 32.74 | K86: 34.62 | L86: 35.86 | M86: 37.08 | N86: 38.33 | O86: 31.86 | P86: 20.66 | Q86: 17.14 | R86: 15.03 | S86: 13.85
A87: FR | B87: 57 | C87: Moselle | E87: Oui | G87: 32.71 | H87: 36.74 | I87: 38.25 | J87: 39.7 | K87: 43.74 | L87: 45.3 | M87: 46.86 | N87: 48.43 | O87: 40.26 | P87: 26.1 | Q87: 21.65 | R87: 18.99 | S87: 17.51
A88: FR | B88: 58 | C88: Nievre | E88: Oui | G88: 28.18 | H88: 31.66 | I88: 32.91 | J88: 34.18 | K88: 37.13 | L88: 38.45 | M88: 39.77 | N88: 41.1 | O88: 34.15 | P88: 22.16 | Q88: 18.37 | R88: 16.11 | S88: 14.85
A89: FR | B89: 59 | C89: Nord | E89: Oui | G89: 29.06 | H89: 32.65 | I89: 33.94 | J89: 35.26 | K89: 38.6 | L89: 39.96 | M89: 41.34 | N89: 42.73 | O89: 35.52 | P89: 23.04 | Q89: 19.1 | R89: 16.74 | S89: 15.44
A90: FR | B90: 60 | C90: Oise | E90: Oui | G90: 30.21 | H90: 33.92 | I90: 35.28 | J90: 36.66 | K90: 39.78 | L90: 41.19 | M90: 42.6 | N90: 44.04 | O90: 36.6 | P90: 23.74 | Q90: 19.71 | R90: 17.26 | S90: 15.9
A91: FR | B91: 61 | C91: Orne | E91: Oui | G91: 22.37 | H91: 25.14 | I91: 26.14 | J91: 27.16 | K91: 28.82 | L91: 29.86 | M91: 30.91 | N91: 31.93 | O91: 26.54 | P91: 17.21 | Q91: 14.27 | R91: 12.52 | S91: 11.54
A92: FR | B92: 62 | C92: Pas-de-Calais | E92: Oui | G92: 30.14 | H92: 33.85 | I92: 35.22 | J92: 36.57 | K92: 39.99 | L92: 41.42 | M92: 42.85 | N92: 44.27 | O92: 36.8 | P92: 23.87 | Q92: 19.79 | R92: 17.37 | S92: 16
A93: FR | B93: 63 | C93: Puy-de-Dome | E93: Oui | G93: 30.47 | H93: 34.25 | I93: 35.61 | J93: 36.98 | K93: 40.54 | L93: 41.97 | M93: 43.42 | N93: 44.87 | O93: 37.3 | P93: 24.19 | Q93: 20.06 | R93: 17.58 | S93: 16.21
A94: FR | B94: 64 | C94: Pyrenees-Atlantiques | E94: Oui | G94: 31.85 | H94: 35.79 | I94: 37.21 | J94: 38.65 | K94: 42.58 | L94: 44.09 | M94: 45.62 | N94: 47.13 | O94: 39.19 | P94: 25.41 | Q94: 21.08 | R94: 18.48 | S94: 17.04
A95: FR | B95: 64 | C95: Pyrenees-Atlantiques | D95: Haute montagne | E95: Oui | G95: 39.82 | H95: 44.72 | I95: 46.51 | J95: 48.3 | K95: 53.23 | L95: 55.13 | M95: 57.02 | N95: 58.92 | O95: 48.99 | P95: 31.77 | Q95: 26.35 | R95: 23.11 | S95: 21.3
A96: FR | B96: 65 | C96: Hautes-Pyrenees | E96: Oui | G96: 31.83 | H96: 35.78 | I96: 37.19 | J96: 38.63 | K96: 42.56 | L96: 44.08 | M96: 45.6 | N96: 47.12 | O96: 39.18 | P96: 25.41 | Q96: 21.07 | R96: 18.47 | S96: 17.03
A97: FR | B97: 65 | C97: Hautes-Pyrenees | D97: Haute montagne | E97: Oui | G97: 39.8 | H97: 44.7 | I97: 46.5 | J97: 48.28 | K97: 53.22 | L97: 55.11 | M97: 57 | N97: 58.91 | O97: 48.97 | P97: 31.76 | Q97: 26.34 | R97: 23.09 | S97: 21.29
A98: FR | B98: 66 | C98: Pyrenees-Orientales | E98: Oui | G98: 37.5 | H98: 42.14 | I98: 43.82 | J98: 45.5 | K98: 50.66 | L98: 52.47 | M98: 54.29 | N98: 56.09 | O98: 46.63 | P98: 30.23 | Q98: 25.08 | R98: 21.99 | S98: 20.27
A99: FR | B99: 66 | C99: Pyrenees-Orientales | D99: Haute montagne | E99: Oui | G99: 46.89 | H99: 52.66 | I99: 54.77 | J99: 56.88 | K99: 63.33 | L99: 65.59 | M99: 67.86 | N99: 70.11 | O99: 58.28 | P99: 37.79 | Q99: 31.35 | R99: 27.48 | S99: 25.34
A100: FR | B100: 67 | C100: Bas-Rhin | E100: Oui | G100: 36.07 | H100: 40.55 | I100: 42.16 | J100: 43.78 | K100: 48.62 | L100: 50.36 | M100: 52.11 | N100: 53.83 | O100: 44.76 | P100: 29.02 | Q100: 24.07 | R100: 21.11 | S100: 19.45
A101: FR | B101: 68 | C101: Haut-Rhin | E101: Oui | G101: 35.8 | H101: 40.22 | I101: 41.82 | J101: 43.46 | K101: 48.24 | L101: 49.98 | M101: 51.7 | N101: 53.42 | O101: 44.41 | P101: 28.8 | Q101: 23.88 | R101: 20.93 | S101: 19.3
A102: FR | B102: 69 | C102: Rhone | E102: Oui | G102: 33.99 | H102: 38.19 | I102: 39.72 | J102: 41.25 | K102: 45.62 | L102: 47.26 | M102: 48.9 | N102: 50.51 | O102: 42 | P102: 27.23 | Q102: 22.6 | R102: 19.8 | S102: 18.26
A103: FR | B103: 70 | C103: Haute-Saone | E103: Oui | G103: 33.85 | H103: 38.04 | I103: 39.56 | J103: 41.1 | K103: 45.37 | L103: 46.98 | M103: 48.62 | N103: 50.24 | O103: 41.75 | P103: 27.08 | Q103: 22.47 | R103: 19.69 | S103: 18.16
A104: FR | B104: 71 | C104: Saone-et-Loire | E104: Oui | G104: 32.55 | H104: 36.6 | I104: 38.06 | J104: 39.51 | K104: 43.5 | L104: 45.06 | M104: 46.61 | N104: 48.17 | O104: 40.05 | P104: 25.96 | Q104: 21.54 | R104: 18.89 | S104: 17.41
...

Sheet Feuil1
L1: =DATE(YEAR(E7),5,1) -> 45778
H2: Base | I2: {=INDEX('tar-0751284-standard-nonreg-fr-'!G1:S132,SUMPRODUCT(('tar-0751284-standard-nonreg-fr-'!B20:B132=E3)*('tar-0751284-standard-nonreg-fr-'!D20:D132="")*ROW(20:132)),IFERROR(MATCH(E3,'tar-0751284-standard-nonreg-fr-'!G18:S18,0),MATCH(E3,'tar-0751284-standard-nonreg-fr-'!G18:S18)+1))} -> 34.7 | L2: =DATE(YEAR(E7),8,31) -> 45900
D3: Poids | E3: 51
D4: Ville | E4: Cannes la Bocca | H4: Frais livraison ile (Corse) : | I4: =IF(E5=20,'tar-0751284-standard-nonreg-fr-'!E139,0) -> 0
D5: Département | E5: 6 | H5: Frais livraison plateforme logistique hors creneaux :
D6: Montagne | E6: oui | H6: Frais march. dangereuses QL : | I6: =IF(E7<>"",MAX('tar-0751284-standard-nonreg-fr-'!F141,SUM(I2:I5,Feuil1!H7:H18)*'tar-0751284-standard-nonreg-fr-'!G141/100,0)) -> 20
D7: Date | E7: 45877 | H7: Frais march. dangereuses QT : | I7: =IF(E8<>"",MAX('tar-0751284-standard-nonreg-fr-'!F142,SUM(I3:I6,Feuil1!H8:H19)*'tar-0751284-standard-nonreg-fr-'!G142/100,0)) -> 20
D8: march dangereuse QL | E8: x | H8: Frais de gestion piles et batteries lithium : | I8: =IF(E9<>"",'tar-0751284-standard-nonreg-fr-'!E143,0) -> 3
D9: march dangereuse QT | E9: x | H9: Frais gestion palette europe : | I9: =E11*'tar-0751284-standard-nonreg-fr-'!F144 -> 13
D10: Piles lithium | E10: x
D11: Nbre palettes autres pays | E11: 2 | H11: Frais livraison saisonniere : | I11: =IF(AND(ISNUMBER(MATCH(E5,'tar-0751284-standard-nonreg-fr-'!B183:B203,0)),Feuil1!E7>=L1,E7<=L2),Feuil1!I2/4,0) -> 8.675
D12: surete : | H12: Frais de surete :
D13: contraintes RDV : | E13: x | H13: Frais de livraison enseigne avec contraintes de RDV : | I13: =IF(E13<>"",'tar-0751284-standard-nonreg-fr-'!E149,0) -> 8
D14: valeur declaree : | H14: Frais de livraison urbaine : | I14: =IFERROR(MATCH(E4,OFFSET(25:25,MATCH(E5,B26:B45,0),),0)*'tar-0751284-standard-nonreg-fr-'!E150,0) -> 35
D15: livraison avant 10H : | E15: x | H15: Frais valeur declaree :
D16: livraison avant 12H : | E16: x
H17: Engagement de livraison avant 10H : | I17: =IF(E15<>"",'tar-0751284-standard-nonreg-fr-'!E155,0) -> 45
D18: Total : | E18: =SUM(I2:I19) -> 212.375 | H18: Engagement de livraison avant 12H : | I18: =IF(E16<>"",'tar-0751284-standard-nonreg-fr-'!E156,0) -> 25
A26: France | B26: 6 | C26: Alpes-Maritimes | D26: {=IFERROR(TRANSPOSE(_xlfn.FILTERXML("<M><R>"&SUBSTITUTE('tar-0751284-standard-nonreg-fr-'!D161,", ","</R><R>")&"</R></M>","//R")),'tar-0751284-standard-nonreg-fr-'!C161)} -> CANNES | E26: CANNES LA BOCCA | F26: NICE
A27: France | B27: 13 | C27: Bouches-du-Rhone | D27: {=IFERROR(TRANSPOSE(_xlfn.FILTERXML("<M><R>"&SUBSTITUTE('tar-0751284-standard-nonreg-fr-'!D162,", ","</R><R>")&"</R></M>","//R")),'tar-0751284-standard-nonreg-fr-'!C162)} -> AIX EN PROVENCE | E27: MARSEILLE
A28: France | B28: 17 | C28: Charente-Maritime | D28: {=IFERROR(TRANSPOSE(_xlfn.FILTERXML("<M><R>"&SUBSTITUTE('tar-0751284-standard-nonreg-fr-'!D163,", ","</R><R>")&"</R></M>","//R")),'tar-0751284-standard-nonreg-fr-'!C163)} -> LA ROCHELLE
A29: France | B29: 31 | C29: Haute-Garonne | D29: {=IFERROR(TRANSPOSE(_xlfn.FILTERXML("<M><R>"&SUBSTITUTE('tar-0751284-standard-nonreg-fr-'!D164,", ","</R><R>")&"</R></M>","//R")),'tar-0751284-standard-nonreg-fr-'!C164)} -> TOULOUSE
A30: France | B30: 33 | C30: Gironde | D30: {=IFERROR(TRANSPOSE(_xlfn.FILTERXML("<M><R>"&SUBSTITUTE('tar-0751284-standard-nonreg-fr-'!D165,", ","</R><R>")&"</R></M>","//R")),'tar-0751284-standard-nonreg-fr-'!C165)} -> BORDEAUX
A31: France | B31: 35 | C31: Ille-et-Vilaine | D31: {=IFERROR(TRANSPOSE(_xlfn.FILTERXML("<M><R>"&SUBSTITUTE('tar-0751284-standard-nonreg-fr-'!D166,", ","</R><R>")&"</R></M>","//R")),'tar-0751284-standard-nonreg-fr-'!C166)} -> RENNES
A32: France | B32: 38 | C32: Isere | D32: {=IFERROR(TRANSPOSE(_xlfn.FILTERXML("<M><R>"&SUBSTITUTE('tar-0751284-standard-nonreg-fr-'!D167,", ","</R><R>")&"</R></M>","//R")),'tar-0751284-standard-nonreg-fr-'!C167)} -> GRENOBLE
A33: France | B33: 44 | C33: Loire-Atlantique | D33: {=IFERROR(TRANSPOSE(_xlfn.FILTERXML("<M><R>"&SUBSTITUTE('tar-0751284-standard-nonreg-fr-'!D168,", ","</R><R>")&"</R></M>","//R")),'tar-0751284-standard-nonreg-fr-'!C168)} -> NANTES
A34: France | B34: 59 | C34: Nord | D34: {=IFERROR(TRANSPOSE(_xlfn.FILTERXML("<M><R>"&SUBSTITUTE('tar-0751284-standard-nonreg-fr-'!D169,", ","</R><R>")&"</R></M>","//R")),'tar-0751284-standard-nonreg-fr-'!C169)} -> EURALILLE | E34: HELLEMMES LILLE | F34: LILLE | G34: ROUBAIX | H34: TOURCOING
A35: France | B35: 67 | C35: Bas-Rhin | D35: {=IFERROR(TRANSPOSE(_xlfn.FILTERXML("<M><R>"&SUBSTITUTE('tar-0751284-standard-nonreg-fr-'!D170,", ","</R><R>")&"</R></M>","//R")),'tar-0751284-standard-nonreg-fr-'!C170)} -> STRASBOURG
A36: France | B36: 69 | C36: Rhone | D36: {=IFERROR(TRANSPOSE(_xlfn.FILTERXML("<M><R>"&SUBSTITUTE('tar-0751284-standard-nonreg-fr-'!D171,", ","</R><R>")&"</R></M>","//R")),'tar-0751284-standard-nonreg-fr-'!C171)} -> LYON | E36: VILLEURBANNE
A37: France | B37: 74 | C37: Haute-Savoie | D37: {=IFERROR(TRANSPOSE(_xlfn.FILTERXML("<M><R>"&SUBSTITUTE('tar-0751284-standard-nonreg-fr-'!D172,", ","</R><R>")&"</R></M>","//R")),'tar-0751284-standard-nonreg-fr-'!C172)} -> ANNECY
A38: France | B38: 75 | C38: Paris | D38: {=IFERROR(TRANSPOSE(_xlfn.FILTERXML("<M><R>"&SUBSTITUTE('tar-0751284-standard-nonreg-fr-'!D173,", ","</R><R>")&"</R></M>","//R")),'tar-0751284-standard-nonreg-fr-'!C173)} -> Paris
A39: France | B39: 76 | C39: Seine-Maritime | D39: {=IFERROR(TRANSPOSE(_xlfn.FILTERXML("<M><R>"&SUBSTITUTE('tar-0751284-standard-nonreg-fr-'!D174,", ","</R><R>")&"</R></M>","//R")),'tar-0751284-standard-nonreg-fr-'!C174)} -> ROUEN
A40: France | B40: 84 | C40: Vaucluse | D40: {=IFERROR(TRANSPOSE(_xlfn.FILTERXML("<M><R>"&SUBSTITUTE('tar-0751284-standard-nonreg-fr-'!D175,", ","</R><R>")&"</R></M>","//R")),'tar-0751284-standard-nonreg-fr-'!C175)} -> AVIGNON
A41: France | B41: 91 | C41: Essonne | D41: {=IFERROR(TRANSPOSE(_xlfn.FILTERXML("<M><R>"&SUBSTITUTE('tar-0751284-standard-nonreg-fr-'!D176,", ","</R><R>")&"</R></M>","//R")),'tar-0751284-standard-nonreg-fr-'!C176)} -> ORLY AEROGARE
A42: France | B42: 92 | C42: Hauts-de-Seine | D42: {=IFERROR(TRANSPOSE(_xlfn.FILTERXML("<M><R>"&SUBSTITUTE('tar-0751284-standard-nonreg-fr-'!D177,", ","</R><R>")&"</R></M>","//R")),'tar-0751284-standard-nonreg-fr-'!C177)} -> Hauts-de-Seine
A43: France | B43: 93 | C43: Seine-St-Denis | D43: {=IFERROR(TRANSPOSE(_xlfn.FILTERXML("<M><R>"&SUBSTITUTE('tar-0751284-standard-nonreg-fr-'!D178,", ","</R><R>")&"</R></M>","//R")),'tar-0751284-standard-nonreg-fr-'!C178)} -> Seine-St-Denis
A44: France | B44: 94 | C44: Val-de-Marne | D44: {=IFERROR(TRANSPOSE(_xlfn.FILTERXML("<M><R>"&SUBSTITUTE('tar-0751284-standard-nonreg-fr-'!D179,", ","</R><R>")&"</R></M>","//R")),'tar-0751284-standard-nonreg-fr-'!C179)} -> Val-de-Marne
A45: Monaco | B45: 98 | C45: 98 | D45: {=IFERROR(TRANSPOSE(_xlfn.FILTERXML("<M><R>"&SUBSTITUTE('tar-0751284-standard-nonreg-fr-'!D180,", ","</R><R>")&"</R></M>","//R")),'tar-0751284-standard-nonreg-fr-'!C180)} -> 98
A47: 29.999999
A48: 39.999999
A49: 49.999999
A50: 59.999999
A51: 69.999999
A52: 79.999999
A53: 89.999999
A54: 101
A55: 300
A56: 500
A57: 700
A58: 1000
A59: 1501
